 Dungeon Crawl Stone Soup version 0.19.5 (webtiles) character file.

68 Inarius the Covered (level 4, -1/40 HPs)
             Began as a Minotaur Fighter on Apr 20, 2017.
             Slain by a gnoll
             ... wielding a +1 halberd of flaming
              (13 damage)
             ... on level 2 of the Dungeon.
             The game lasted 00:02:58 (868 turns).

Inarius the Covered (Minotaur Fighter)               Turns: 868, Time: 00:02:59

Health: -1/40      AC: 10    Str: 21    XL:     4   Next: 1%
Magic:  3/3        EV:  7    Int:  5    God:
Gold:   31         SH:  9    Dex: 10    Spells: 0 memorised, 3 levels left

rFire  . . .     SeeInvis .     a - +0 long sword
rCold  . . .     Gourm    .     o - +1 scale mail {rPois}
rNeg   . . .     Faith    .     c - +0 shield
rPois  +         Spirit   .     (helmet restricted)
rElec  .         Reflect  .     (no cloak)
rCorr  +         Harm     .     (no gloves)
MR     .....                    e - +1 pair of boots
Stlth  ..........               (no amulet)
                                (no ring)
                                m - ring of resist corrosion

@: no status effects
A: retaliatory headbutt, horns 2
a: no special abilities


You were on level 2 of the Dungeon.
You were not hungry.

You visited 1 branch of the dungeon, and saw 2 of its levels.

You collected 31 gold pieces.

Inventory:

Hand Weapons
 a - a +0 long sword (weapon)
Armour
 c - a +0 shield (worn)
 e - a +1 pair of boots (worn)
 o - a +1 scale mail of poison resistance (worn)
Jewellery
 m - a ring of resist corrosion (left hand)
Scrolls
 b - a scroll of enchant armour {unknown}
 j - a scroll of noise {unknown}
 l - 2 scrolls of immolation {unknown}
 n - a scroll of remove curse {unknown}
 p - a scroll of recharging {unknown}
 s - 3 scrolls of teleportation {unknown}
 t - a scroll of identify {unknown}
Potions
 d - a potion of might
 g - 2 potions of resistance {unknown}
 i - a potion of haste {unknown}
 k - 3 potions of curing {unknown}
Comestibles
 f - 2 bread rations
 h - a meat ration
 q - 3 chunks of flesh
 r - a slice of pizza


   Skills:
 + Level 4.2 Fighting
 + Level 3.4 Long Blades
 + Level 4.4 Armour
 + Level 4.2 Shields


You had 3 spell levels left.
You didn't know any spells.

Dungeon Overview and Level Annotations

Branches:
Dungeon (2/15)

Altars:
Yredelemnul


Innate Abilities, Weirdness & Mutations

You reflexively headbutt those who attack you in melee.
You have a pair of horns on your head.


Message History

Your headbutt misses the gnoll.
The gnoll is severely wounded.
You block the gnoll's attack. The gnoll barely misses you.
You slash the gnoll!
You kill the gnoll!
You have reached level 4!
You feel stronger.
The gnoll hits you from afar with a halberd of flaming!
The gnoll burns you. You block the gnoll's attack.
You see here a spear of venom.
You slash the gnoll!
The gnoll is heavily wounded.
The gnoll hits you with a halberd of flaming.
The gnoll burns you.
* * * LOW HITPOINT WARNING * * *
You hit the gnoll but do no damage.
The gnoll is heavily wounded.
The gnoll hits you with a halberd of flaming!
You die...
PP

§§.♣....♣..PP♣..♣...
♣.♣♣.♣.♣..♣P♣..♣.♣P♣♣.
...§♣.♣.♣.♣♣♣P.♣♣.P.8P♣
. ♣..♣.♣♣..PPP.♣......
♣.♣P...P♣.P♣...8.⌠.8
♣...♣♣..♣..P.......
###.♣.♣.♣..♣♣P.P8..
##.##.....♣ P♣♣♣.P♣♣
+.g@'#..♣..§§♣..♣..P
##.##♣.P♣♣♣§.♣P♣.♣♣. ##
♣.♣♣ [♣♣♣♣.... ♣.
§♣.PP♣♣♣ . ♣P.##♣♣. ..
##. ## .. #


You could see a gnoll.

Vanquished Creatures
  A human skeleton (D:2)
  A gnoll (D:2)
  An adder (D:2)
  2 dart slugs (D:1)
  4 bats
  2 goblins (D:1)
  4 hobgoblins (D:1)
  A kobold (D:1)
  2 quokkas (D:2)
  A frilled lizard (D:1)
  A goblin skeleton (D:2)
  2 rats (D:1)
  A plant (D:2)
23 creatures vanquished.

Vanquished Creatures (others)
  An adder (D:2)
  A bat (D:2)
  A quokka (D:2)
  A frilled lizard (D:2)
4 creatures vanquished.

Grand Total: 27 creatures vanquished

Notes
Turn   | Place    | Note
-------+----------+-------------------------------------------
     0 | D:1      | Inarius the Minotaur Fighter began the quest for the Orb.
     0 | D:1      | Reached XP level 1. HP: 19/19 MP: 0/0
   173 | D:1      | Reached XP level 2. HP: 27/27 MP: 1/1
   605 | D:2      | Found a runed door.
   605 | D:2      | Noticed a human
   614 | D:2      | Reached XP level 3. HP: 29/33 MP: 2/2
   668 | D:2      | Found a basalt altar of Yredelemnul.
   865 | D:2      | Reached XP level 4. HP: 28/40 MP: 3/3
   868 | D:2      | Slain by a gnoll

Skill      XL: |  1  2 |
---------------+-------+-----
Armour         | 4 |  4.4
Fighting       | 4 |  4.2
Long Blades    | 3 |  3.4
Shields        | 4 |  4.2

Action                   |  1- 3 |  4- 6 || total
-------------------------+-------+-------++-------
Melee: Long sword        |    69 |     2 ||    71
       Headbutt          |    12 |       ||    12
Armor: Scale mail        |    31 |       ||    31
Dodge: Dodged            |    15 |       ||    15
Block: Shield            |    39 |     1 ||    40
       Rpst.: Long sword |     6 |       ||     6
